 Dungeon Sprint DCSS version 0.23.1 (webtiles) character file.

Game seed: 814803840623862165

189 nuthulu the Covert (level 5, -1/24 HPs)
             Began as a Spriggan Enchanter on Mar 7, 2019.
             Was an Initiate of Dithmenos.
             Slain by a spriggan
             ... wielding a +0 rapier
              (13 damage)
             ... in the Dungeon (Sprint IV: "Fedhas' Mad Dash").
             The game lasted 00:01:38 (274 turns).

nuthulu the Covert (Spriggan Enchanter)              Turns: 274, Time: 00:01:39

Health: -1/24      AC:  2    Str:  4    XL:     5   Next: 40%
Magic:  5/13       EV: 22    Int: 17    God:    Dithmenos [......]
Gold:   66         SH:  0    Dex: 17    Spells: 2/14 levels left

rFire    . . .     SeeInvis +   a - +1 dagger
rCold    . . .     Gourm    .   (shield restricted)
rNeg     . . .     Faith    .   b - +0 robe
rPois    .         Spirit   .   (helmet restricted)
rElec    .         Reflect  .   (no cloak)
rCorr    .         Harm     .   (gloves unavailable)
MR       .....     NoTele   +   (boots unavailable)
Stlth    +++++.....             c - amulet of invisibility {+Inv}
HPRegen  0.08/turn              (no ring)
MPRegen  0.13/turn              (no ring)

@: very slightly contaminated, very quick
A: very small, unfitting armour, see invisible, herbivore, speed 3, slow
metabolism 2
a: Renounce Religion, Evoke Invisibility


You were in the Dungeon.
You worshipped Dithmenos.
Dithmenos was noncommittal.
You were not hungry.

You visited 1 branch You collected 66 gold pieces.

Inventory:

Hand Weapons
 a - a +1 dagger (weapon)
Armour
 b - a +0 robe (worn)
Jewellery
 c - the amulet of invisibility (around neck) {+Inv}
   (You found it in the Dungeon)

   [amulet of nothing]

   It lets you turn invisible.
Scrolls
 i - 2 scrolls of enchant weapon {unknown}
 j - a scroll of blinking
Potions
 f - a potion of heal wounds
 g - a potion of haste
 h - 2 potions of magic
Comestibles
 d - 2 rations


   Skills:
 + Level 5.0 Short Blades
 + Level 7.0 Dodging
 * Level 10.9 Stealth
 - Level 5.4 Spellcasting
 - Level 5.9 Hexes
 + Level 4.1 Evocations


You had 2 spell levels left.
You knew the following spells:

 Your Spells              Type           Power        Failure   Level  Hunger
a - Corona                Hex            ###....      1%          1    None
b - Ensorcelled Hibernat  Hex/Ice        ##....       6%          2    #......
c - Confuse               Hex            ###.....     3%          3    ##.....
d - Dazzling Spray        Conj/Hex       ##....       12%         3    ##.....
e - Tukima's Dance        Hex            ###.....     3%          3    ##.....

Your spell library contained the following spells:

 Spells                   Type           Power        Failure   Level  Hunger


Dungeon Overview and Level Annotations

Branches:
Dungeon (1/1)

Altars:
Cheibriados
Dithmenos
Elyvilon
Gozag
Hepliaklqana
Kikubaaqudgha
Makhleb
Nemelex Xobeh
Okawaru
Qazlal
Ru
Sif Muna
Trog
Uskayaw
Vehumet
Wu Jian
Xom
Yredelemnul
Zin
The Shining One
Beogh
Jiyva
Lugonu


Innate Abilities, Weirdness & Mutations

You are very small and have problems with some larger weapons.
You are too small for most types of armour.
You have supernaturally acute eyesight. (SInv)
You are a herbivore.
You cover ground extremely quickly.
You need to consume almost no food.


Message History

Your Evocations skill increases to level 4!
The spriggan barely misses you. The spriggan closely misses you.
Unknown command.
Casting: Ensorcelled Hibernation (safe; 6% risk of failure)
Confirm with . or Enter, or press ? or * to list all spells.
Aiming: Confuse (safe; 3% risk of failure)
Press: ? - help, Shift-Dir - straight line, f - spriggan
Aim: a spriggan, wielding a +0 dagger and wearing a cursed +0 robe (chance to defeat MR: 21%)
Okay, then.
Casting: Confuse (safe; 3% risk of failure)
Confirm with . or Enter, or press ? or * to list all spells.
Aiming: Dazzling Spray (safe; 12% risk of failure)
Press: ? - help, Shift-Dir - straight line, f - spriggan
Aim: a spriggan, wielding a +0 dagger and wearing a cursed +0 robe The spray of energy hits the spriggan.
The spriggan is heavily wounded.
The spriggan is dazzled.
The spriggan barely misses you. The spriggan hits you with a +0 rapier!
Ouch! That really hurt!
You die...

#####################
.⌠._._._._.⌠.#..@$..#
.._._._._._..'.i#$i$#
..._._._._...#..###+#
.._._._._._..#..#
._._._._._.⌠.####
##############


You could see 2 spriggans.

Vanquished Creatures
  A scorpion (D)
  3 oklob saplings (D)
  A worker ant (D)
  A river rat (D)
  A rat (D)
7 creatures vanquished.

Notes
Turn   | Place    | Note
-------+----------+-------------------------------------------
     0 | D        | nuthulu the Spriggan Enchanter began the quest for the Orb.
     0 | D        | Reached XP level 1. HP: 9/9 MP: 5/5
    20 | D        | Reached skill level 5 in Stealth
    20 | D        | Reached XP level 2. HP: 13/13 MP: 7/7
    46 | D        | Learned a level 2 spell: Ensorcelled Hibernation
   144 | D        | Noticed an oklob sapling
   146 | D        | Killed an oklob sapling
   146 | D        | Reached skill level 7 in Stealth
   146 | D        | Reached XP level 3. HP: 16/16 MP: 7/9
   149 | D        | Found the amulet of invisibility {+Inv}
   151 | D        | Reached skill level 5 in Dodging
   151 | D        | Reached skill level 8 in Stealth
   151 | D        | Reached skill level 5 in Hexes
   177 | D        | Learned a level 3 spell: Confuse
   181 | D        | Learned a level 3 spell: Dazzling Spray
   187 | D        | Found an opulent altar of Gozag.
   187 | D        | Found a hazy altar of Hepliaklqana.
   187 | D        | Found a burning altar of Makhleb.
   187 | D        | Found a roughly hewn altar of Beogh.
   187 | D        | Found a sparkling altar of Nemelex Xobeh.
   187 | D        | Found a snail-covered altar of Cheibriados.
   187 | D        | Found a sacrificial altar of Ru.
   187 | D        | Found a deep blue altar of Sif Muna.
   187 | D        | Found a shimmering altar of Xom.
   187 | D        | Found a basalt altar of Yredelemnul.
   188 | D        | Found a viscous altar of Jiyva.
   188 | D        | Found a bloodstained altar of Trog.
   188 | D        | Found an ornate altar of the Wu Jian Council.
   188 | D        | Noticed an oklob sapling priest
   189 | D        | Found an iron altar of Okawaru.
   189 | D        | Found a shadowy altar of Dithmenos.
   189 | D        | Found a glowing silver altar of Zin.
   190 | D        | Found an ancient bone altar of Kikubaaqudgha.
   190 | D        | Found a hide-covered altar of Uskayaw.
   191 | D        | Found a stormy altar of Qazlal.
   191 | D        | Found a white marble altar of Elyvilon.
   191 | D        | Found a glowing golden altar of the Shining One.
   192 | D        | Found a corrupted altar of Lugonu.
   192 | D        | Found a radiant altar of Vehumet.
   195 | D        | Killed an oklob sapling priest
   195 | D        | Reached skill level 9 in Stealth
   195 | D        | Reached skill level 5 in Spellcasting
   195 | D        | Reached XP level 4. HP: 21/21 MP: 8/12
   198 | D        | Became a worshipper of Dithmenos the Shadowed
   213 | D        | Learned a level 3 spell: Tukima's Dance
   226 | D        | Reached XP level 5. HP: 24/24 MP: 9/13
   272 | D        | Reached skill level 5 in Short Blades
   272 | D        | Reached skill level 10 in Stealth
   274 | D        | Slain by a spriggan

Skill      XL: |  1  2  3  4  5 |
---------------+----------------+-----
Short Blades   | 2 4 5 |  5.0
Stealth        | 5 7 9 10 | 10.9
Spellcasting   | 3 4 5 |  5.4
Hexes          | 4 5 |  5.9
Dodging        | 4 5 6 7 |  7.0
Evocations     | 2 3 4 |  4.1

Action                   |  1- 3 |  4- 6 || total
-------------------------+-------+-------++-------
Melee: Dagger            |    14 |    11 ||    25
 Cast: Confuse           |       |     1 ||     1
       Dazzling Spray    |       |     2 ||     2
       Ensorcelled Hiber |       |     1 ||     1
 Abil: Evoke Invisibilit |     1 |       ||     1
  Use: Potion            |     1 |     1 ||     2
 Stab: Sleeping          |     3 |     1 ||     4
       Confused          |       |     2 ||     2
Dodge: Dodged            |     7 |     7 ||    14
